cohdb
Replays
Latest Replays
All Replays
Popular Replays
Top Player Replays
Match Explorer
How It Works
Community
CoH3 Stats
Reddit
Sign in to upload your games and track your stats! →
Sign in with Steam
Match 36536576
Unlisted
Match 36536576
Overview
Messages
Build Orders
End
Selects Armored Battlegroup
Selects Assault Engineers
Assault Engineer Squad
Construct Weapon Support Center
M1919 Machine Gun Team
Assault Engineer Squad
Mechanized Support Center
Bazooka Squad
Construct Medical Station
Selects Field Repairs
M1919 Machine Gun Team
Construct Motor Pool
Selects Strength in Steel
Designate Forward Repair Station
M8 Greyhound Armored Car
Improved M9 Bazooka Rockets
Construct Tank Depot
Improvised Armor
M1 Anti-tank Gun Team
M4(105) Sherman Bulldozer
Assault Engineer Squad
M4A1 Sherman Medium Tank
M4A1 76mm Conversion
Selects War Machine
RO-KA
OMJimas
x n o i z e
v4mp - HTB -
0
0
Comments
sign in to comment!
No comments posted yet!